 Dungeon Crawl Stone Soup version 0.28.0-1-gb440e238dd (webtiles) character file.

Game seed: 1263029582926903464

4442 spaghetti the Spear-Bearer (level 10, -4/105 HPs)
             Began as a Demonspawn Fighter on Feb 20, 2022.
             Was an Elder of Ru.
             Slain by a skeletal warrior (14 damage)
             ... led by a skeletal warrior
             ... on level 9 of the Dungeon.
             The game lasted 00:08:35 (7461 turns).

spaghetti the Spear-Bearer (Demonspawn Fighter)     Turns: 7461, Time: 00:08:36

Health: -4/105     AC: 25    Str: 21    XL:     10   Next: 15%
Magic:  19/19      EV:  2    Int: 13    God:    Ru [****..]
Gold:   508        SH:  0    Dex: 13    Spells: 9/9 levels left

rFire   + . .      SeeInvis .   j - +9 spear of Tudics {vorpal, Drain rF+ MP+9}
rCold   . . .      Faith    .   (shield unavailable)
rNeg    . . .      Spirit   .   (armour currently unavailable)
rPois   +          Reflect  .   (helmet currently unavailable)
rElec   .          Harm     .   (cloak currently unavailable)
rCorr   .          Rampage  .   (gloves currently unavailable)
Will    .....      NoTele   +   (boots currently unavailable)
Stlth   ..........              (no amulet)
HPRegen 0.27/turn               (ring unavailable)
MPRegen 0.16/turn               l - +4 ring of slaying

@: mighty, tree-form
A: stationary, stasis, torment immunity, boosted hp, foul stench 1, powered by
pain 1, missing a hand, no stealth, no poison magic, no summoning magic, no
transmutations magic, big brain 2, (weakness stinger 1)
a: Renounce Religion, Draw Out Power, Power Leap


You were on level 9 of the Dungeon.
You worshipped Ru.
Ru was greatly pleased with you.
You were a tree.
You visited 1 branch of the dungeon, and saw 8 of its levels.

You collected 508 gold pieces.

Inventory:

Hand Weapons
 a - a +0 war axe
 j - the +9 spear of Tudics (weapon) {vorpal, Drain rF+ MP+9}
   (You took it off a kobold on level 2 of the Dungeon)

   It inflicts extra damage upon your enemies.
   rF:        It protects you from fire.
   MP:        It affects your magic capacity (+9).
   Drain:     It drains your maximum health when unequipped.
Missiles
 g - 10 javelins (quivered)
 o - 37 bolts
Armour
 b - a +0 scale mail (melded)
 c - a +0 buckler
 d - a +0 pair of gloves (melded)
 q - the -1 cloak of Sif Muna's Displeasure (melded) {rCorr Slay+3}
   (You found it on level 5 of the Dungeon)

   Slay:      It affects your accuracy & damage with ranged weapons and melee
   (+3).
   rCorr:     It protects you from acid and corrosion.
Jewellery
 k - a ring of ice
 l - a +4 ring of slaying (right branch)
Scrolls
 e - 2 scrolls of vulnerability
 f - a scroll of torment
 m - a scroll of immolation
 r - a scroll of fog
Potions
 i - 2 potions of curing


   Skills:
 - Level 3.1 Fighting
 - Level 4.7(8.9) Axes
 - Level 11.5(12.0) Polearms
 - Level 2.6 Armour
 + Level 5.2 Dodging


You had 9 spell levels left.
You didn't know any spells.
Your spell library contained the following spells:

 Spells                   Type           Power      Damage    Failure   Level
 Animate Skeleton         Necr           0%         N/A       30%         1
 Apportation              Tloc           0%         N/A       30%         1
 Foxfire                  Conj/Fire      0%         2x1d4     30%         1
 Summon Small Mammal      Summ           Unusable   N/A       N/A         1

Dungeon Overview and Level Annotations

Branches:
Dungeon (9/15)             Temple (0/1) D:5            Lair (0/6) D:8
    Orc: D:9-12

Altars:
Elyvilon
Gozag
Kikubaaqudgha
Makhleb
Okawaru
Qazlal
Ru
Sif Muna
Vehumet
Lugonu

Portals:
Abyss: D:3


Innate Abilities, Weirdness & Mutations

You are a tree.
Your roots penetrate the ground, keeping you stationary.
You cannot be teleported.
You are immune to unholy pain and torment.
Your maximum health is greatly increased.
Your equipment is partially melded.
You may rarely emit foul miasma when damaged in melee.
You sometimes gain a little power by taking damage.
You are missing a hand.
You cannot be stealthy.
You cannot study or cast Poison magic.
You cannot study or cast Summoning magic.
You cannot study or cast Transmutations magic.
You have an extremely huge brain. (Int +4)
((You have a small tail.))


Message History

You are too injured to fight recklessly!
You are too injured to fight recklessly!
You are too injured to fight recklessly!
You are too injured to fight recklessly!
You are too injured to fight recklessly!
You are too injured to fight recklessly!
You are too injured to fight recklessly!
Unknown command.
You aren't carrying any items that you can evoke.
Unknown command.
Really quaff the potion of lignification? [Y]es or [N]o only, please.
Really quaff the potion of lignification?
You turn into a tree.
The -1 cloak of Sif Muna's Displeasure {rCorr Slay+3} melds into your body.
Your +0 pair of gloves melds into your body.
Your +0 scale mail melds into your body.
Your roots penetrate the ground.
The skeletal warrior is stunned by your conviction and fails to attack.
You feel very mighty all of a sudden.
You impale the skeletal warrior!!
The skeletal warrior is severely damaged.
The skeletal warrior hits you with a +0 flail!
* * * LOW HITPOINT WARNING * * *
You emit a cloud of foul miasma!
Press: ? - help, v - describe, . - travel
Here: a skeletal warrior, wielding a +0 battleaxe (severely damaged)
The floor, spattered with blood.
Unknown command.
You aren't carrying any items that you can evoke.
Unknown command.
Okay, then.
Really read the scroll of holy word?
As you read the scroll of holy word, it crumbles to dust.
You speak a Word of immense power!
The skeletal warrior convulses! x2
You destroy the skeletal warrior!
You are blasted by holy energy!
* * * LOW HITPOINT WARNING * * *
The skeletal warrior hits you with a +0 flail!
You die...

#....<....#
#.........####.#
#.........'....#
#.........######
#..)......# #######'###
#.# ###.# ###♣..# #.#
#.)z### #.#
#####'######## #.#
#......z.....# #.#
#............# #.#
#............#### #.#
#............V..# #.#
#............##.######.#
#............##.z...z...


You could see a skeletal warrior (dazed).

Vanquished Creatures
  2 skeletal warriors
  Prince Ribbit (D:6)
  6 yaks (D:8)
  Sigmund (D:6)
  2 steam dragons (D:8)
  A water moccasin (D:5)
  An ice beast (D:6)
  A black bear (D:4)
  3 orc warriors
  2 necrophages
  2 ogres (D:5)
  2 centaurs (D:8)
  A phantom (D:2)
  A kobold brigand (D:8)
  A bullfrog (D:6)
  2 scorpions
  A wyvern skeleton (D:6)
  A water moccasin skeleton (D:4)
  3 wights (D:8)
  A howler monkey (D:5)
  4 hounds
  2 orc priests
  A jelly (D:6)
  A centaur skeleton (D:6)
  4 iguanas
  3 iron imps (D:4)
  10 orc wizards
  A killer bee zombie (D:6)
  A hound skeleton (D:5)
  5 adders
  A shadow imp (D:5)
  A white imp (D:6)
  A worm (D:2)
  A dart slug (D:1)
  12 orcs
  7 ball pythons
  5 bats
  An endoplasm (D:1)
  4 giant cockroaches
  11 goblins
  4 hobgoblins
  7 jackals
  9 kobolds
  7 quokkas
  A frilled lizard (D:2)
  5 rats
144 creatures vanquished.

Vanquished Creatures (others)
  A lurking horror (D:3)
  A plant (D:5)
2 creatures vanquished.

Grand Total: 146 creatures vanquished

Notes
Turn   | Place    | Note
-------+----------+-------------------------------------------
     0 | D:1      | spaghetti the Demonspawn Fighter began the quest for the
                  | Orb.
     0 | D:1      | Reached XP level 1. HP: 18/18 MP: 1/1
    29 | D:1      | Found a faded altar of an unknown god.
    48 | D:1      | Prayed at the altar of an unknown god.
    48 | D:1      | Became a worshipper of Ru the Awakened
    66 | D:1      | Gained mutation: You cannot be stealthy. [Ru sacrifice]
   208 | D:1      | Gained mutation: You sometimes gain a little power by
                  | taking damage. [demonic ancestry]
   208 | D:1      | Reached XP level 2. HP: 24/24 MP: 2/2
  1025 | D:2      | Reached XP level 3. HP: 19/29 MP: 3/3
  1082 | D:2      | Noticed a phantom
  1095 | D:2      | Killed a phantom
  1096 | D:2      | Reached XP level 4. HP: 4/35 MP: 4/4
  1826 | D:2      | Reached XP level 5. HP: 41/41 MP: 5/5
  1834 | D:2      | Identified the +9 spear of Tudics {vorpal, Drain rF+ MP+9}
  3051 | D:3      | Gained mutation: You cannot study or cast Poison magic. [Ru
                  | sacrifice]
  3051 | D:3      | Gained mutation: You cannot study or cast Transmutations
                  | magic. [Ru sacrifice]
  3051 | D:3      | Gained mutation: You cannot study or cast Summoning magic.
                  | [Ru sacrifice]
  3051 | D:3      | Reached * piety under Ru
  3051 | D:3      | Reached ** piety under Ru
  3065 | D:3      | Reached skill level 1 in Polearms
  3245 | D:3      | Found a one-way gate to the infinite horrors of the Abyss.
  3245 | D:3      | Found a corrupted altar of Lugonu.
  3521 | D:3      | Found a stormy altar of Qazlal.
  3714 | D:4      | Reached skill level 2 in Polearms
  3807 | D:5      | Entered Level 5 of the Dungeon
  3965 | D:4      | Reached skill level 3 in Polearms
  3965 | D:4      | Gained mutation: You have a small tail. [demonic ancestry]
  3965 | D:4      | Reached XP level 6. HP: 45/47 MP: 6/6
  4060 | D:4      | Reached skill level 4 in Polearms
  4242 | D:4      | Found a burning altar of Makhleb.
  4258 | D:4      | Gained mutation: You have an unusually large brain. (Int
                  | +2) [demonic ancestry]
  4258 | D:4      | Reached XP level 7. HP: 52/52 MP: 7/7
  4560 | D:5      | Reached skill level 5 in Polearms
  4886 | D:5      | Reached skill level 6 in Polearms
  4939 | D:5      | Identified the -1 cloak of Sif Muna's Displeasure {rCorr
                  | Slay+3}
  4956 | D:5      | Found a staircase to the Ecumenical Temple.
  5162 | D:5      | Reached skill level 7 in Polearms
  5162 | D:5      | Reached XP level 8. HP: 58/58 MP: 8/8
  5288 | D:6      | Gained mutation: You are missing a hand. [Ru sacrifice]
  5288 | D:6      | Reached *** piety under Ru
  5288 | D:6      | Reached **** piety under Ru
  5341 | D:6      | Noticed Prince Ribbit
  5348 | D:6      | Killed Prince Ribbit
  5349 | D:6      | Reached skill level 8 in Polearms
  5669 | D:6      | Noticed Sigmund
  5677 | D:6      | Killed Sigmund
  5678 | D:6      | Reached skill level 9 in Polearms
  5768 | D:6      | You fall into a shaft and drop 2 floors!
  5805 | D:8      | Gained mutation: You may rarely emit foul miasma when
                  | damaged in melee. [demonic ancestry]
  5805 | D:8      | Reached XP level 9. HP: 61/63 MP: 9/9
  5808 | D:8      | Reached skill level 10 in Polearms
  5871 | D:8      | Reached skill level 11 in Polearms
  5919 | D:8      | Found an opulent altar of Gozag.
  5982 | D:8      | Reached skill level 1 in Dodging
  6326 | D:8      | Found an iron altar of Okawaru.
  6429 | D:8      | Found a staircase to the Lair.
  6718 | D:9      | Noticed a skeletal warrior
  6718 | D:9      | Noticed a skeletal warrior
  6718 | D:9      | Noticed a skeletal warrior
  6783 | D:8      | Killed a skeletal warrior
  6784 | D:8      | Gained mutation: You have an extremely huge brain. (Int +4)
                  | [demonic ancestry]
  6784 | D:8      | Reached XP level 10. HP: 21/70 MP: 10/10
  7034 | D:8      | Found a shimmering blue altar of Sif Muna.
  7043 | D:8      | Found an ancient bone altar of Kikubaaqudgha.
  7059 | D:8      | Found a radiant altar of Vehumet.
  7072 | D:8      | Got Vehumet's Incunabulum of Arcane Weapons
  7307 | D:9      | Reached skill level 5 in Dodging
  7461 | D:9      | Killed a skeletal warrior
  7461 | D:9      | Slain by a skeletal warrior

Illustrated notes

Levels and vault maps discovered:
D:1:      mrwooster_arrival_statue_2, layout_loops_cross,
          ebering_ecumenical_altar_sacrificial
D:2:      layout_loops_corners, minmay_heptomino_w4
D:3:      layout_loops_ring, nicolae_qazlal_eye_of_the_storm,
          minmay_misc_feat_encased, nicolae_concentric_dashed_squares_wild,
          amcnicky_altar_lugonu_corruption
D:4:      layout_basic, mainiacjoe_overflow_24_doors, demons_altar
D:5:      layout_basic, minmay_temple_entry_nine_rooms, serial_bayou_pond_a,
          minmay_between
D:6:      layout_basic, uniq_prince_ribbit1, uniq_sigmund
D:8:      layout_rooms, palyth_temple_overflow_mages, lemuel_crystal_altar,
          amcnicky_altar_gilded, amcnicky_mini_rare_corridor_liquid,
          small_statue_intersection
D:9:      layout_roguey, grunt_temple_overflow_diamond, enter_bailey_2

Skill      XL: |  1  2  3  4  5  6  7  8  9 10 |
---------------+-------------------------------+-----
Axes           | 2 3 4 |  4.7
Polearms       | 3 4 7 9 11 | 11.5
Shields        | 0 |  0.0
Dodging        | 4 5 |  5.2
Fighting       | |  3.1
Armour         | |  2.6

Action                   |  1- 3 |  4- 6 |  7- 9 | 10-12 || total
-------------------------+-------+-------+-------+-------++-------
Melee: War axe           |    76 |    38 |       |       ||   114
       Spear             |       |    65 |   159 |    36 ||   260
       Tailslap          |       |     2 |    15 |     5 ||    22
Invok: Sacrifice Stealth |     1 |       |       |       ||     1
       Sacrifice Arcana  |       |     1 |       |       ||     1
       Sacrifice a Hand  |       |       |     1 |       ||     1
  Use: Potion            |     1 |       |       |     7 ||     8
       Scroll            |       |     2 |     2 |     5 ||     9
 Stab: Paralysed         |       |       |     1 |       ||     1
Armor: Scale mail        |    48 |    18 |    13 |     2 ||    81
Dodge: Dodged            |    35 |    30 |    26 |     2 ||    93
Block: Buckler           |    16 |    17 |     4 |       ||    37
